 Dungeon Crawl Stone Soup version 0.19-b1-5-gdc9fa9d (webtiles) character file.

343 dysrexia the Firebug (level 6, -3/32 HPs)
             Began as a Deep Elf Fire Elementalist on Oct 31, 2016.
             Was an Initiate of Vehumet.
             Slain by Eustachio
             ... wielding a +0 rapier of venom
              (11 damage)
             ... on level 4 of the Dungeon.
             The game lasted 00:19:34 (3438 turns).

dysrexia the Firebug (Deep Elf Fire Elementalist)   Turns: 3438, Time: 00:19:35

Health: -3/32      AC:  0    Str:  5    XL:     6   Next: 31%
Magic:  14/23      EV: 13    Int: 20    God:    Vehumet [......]
Gold:   110        SH:  0    Dex: 17    Spells: 4 memorised, 2 levels left

rFire  . . .     SeeInvis .     q - +0 morningstar
rCold  . . .     Gourm    .     a - +0 robe
rNeg   . . .     Faith    .     (no shield)
rPois  .         Spirit   .     (no helmet)
rElec  .         Reflect  .     e - +2 cloak
rCorr  .         Harm     .     (no gloves)
MR     .....                    (no boots)
Stlth  ++........               (no amulet)
                                o - -5 ring of protection (curse)
                                m - ring of magical power

@: lethally poisoned (-3 -> -25)
A: no striking features
a: Renounce Religion


You were on level 4 of the Dungeon.
You worshipped Vehumet.
Vehumet was noncommittal.
You were hungry.

You visited 1 branch of the dungeon, and saw 4 of its levels.
You also visited: Sewer.

You collected 110 gold pieces.

Inventory:

Hand Weapons
 q - a +0 morningstar (weapon)
Missiles
 s - 18 poisoned needles
Armour
 a - a +0 robe (worn)
 e - a +2 cloak (worn)
Jewellery
 m - a ring of magical power (left hand)
 o - a cursed -5 ring of protection (right hand)
 p - an uncursed ring of flight {unknown}
Scrolls
 h - 4 scrolls of teleportation
Potions
 d - a potion of agility
 f - 2 potions of lignification {unknown}
 i - a potion of haste {unknown}
 j - a potion of magic
 k - a potion of brilliance {unknown}
 l - a potion of degeneration {unknown}
 n - a potion of heal wounds {unknown}
Books
 b - a book of Flames

   Spells                             Type                      Level
   a - Flame Tongue                   Conjuration/Fire             1
   b - Throw Flame                    Conjuration/Fire             2
   c - Conjure Flame                  Conjuration/Fire             3
   d - Inner Flame                    Hexes/Fire                   3
   e - Sticky Flame                   Conjuration/Fire             4
   f - Fireball                       Conjuration/Fire             5
Comestibles
 c - 4 bread rations
 g - a beef jerky


   Skills:
 - Level 2.4 Dodging
 - Level 2.4 Stealth
 + Level 4.3 Spellcasting
 * Level 4.7 Conjurations
 * Level 5.5 Fire Magic


You had 2 spell levels left.
You knew the following spells:

 Your Spells              Type           Power        Failure   Level  Hunger
a - Flame Tongue          Conj/Fire      ####.        1%          1    None
b - Throw Flame           Conj/Fire      ####..       2%          2    #......
c - Conjure Flame         Conj/Fire      ####....     6%          3    ###....
d - Fireball              Conj/Fire      ####......   45%         5    ######.


Dungeon Overview and Level Annotations

Branches:
Dungeon (4/15)
 Temple: D:4-7

Altars:
Vehumet

Annotations:
D:3 1 runed door
D:4 exclusion: sky beast, Eustachio


Message History

Aiming: Flame Tongue
Press: ? - help, Shift-Dir - straight line, f/p - Eustachio
Aim: Eustachio, wielding a rapier of venom and wearing a leather armour (heavily wounded)
The flame tongue hits Eustachio.
Eustachio is severely wounded.
You feel sick.
Eustachio hits you with a rapier of venom!
You are more poisoned.
The quokka misses you.
Casting: Flame Tongue
Confirm with . or Enter, or press ? or * to list all spells.
Aiming: Flame Tongue
Press: ? - help, Shift-Dir - straight line, f/p - Eustachio
Aim: Eustachio, wielding a rapier of venom and wearing a leather armour (severely wounded)
The flame tongue misses Eustachio.
* * * LOW HITPOINT WARNING * * *
You feel sick.
The white imp shouts, "Scamper away, thou featherweight elf-skinned reprobate!"
Eustachio hits you with a rapier of venom!
You die...

####......... ......#######
##.# ............. ....
...........## #..# .#
#.##.<###### #..# #.#
#.##..# #..# #.# ..##..#
#..###.###
#..#..#########..r.....#
##.#...>........@##....##
#..........######@.....)#
..............[.........####
#..##.####....>............#
#..# .# #########.<...###.#
.... # #....## #Y.########
#.....# ........# ##..#.#
#######.# #..#.#


You could see Eustachio and a quokka.

Vanquished Creatures
  2 orc wizards (D:3)
  2 iguanas
  A worker ant (D:4)
  11 adders
  2 river rats (D:3)
  3 worms
  11 orcs
  7 ball pythons
  A giant cockroach (D:4)
  7 goblins
  4 hobgoblins
  6 jackals
  3 bats
  5 frilled lizards
  A jackal skeleton (D:4)
  13 kobolds
  A quokka skeleton (D:4)
  7 rats
87 creatures vanquished.

Vanquished Creatures (others)
  A plant (Sewer)
1 creature vanquished.

Grand Total: 88 creatures vanquished

Notes
Turn   | Place    | Note
-------+----------+-------------------------------------------
     0 | D:1      | dysrexia the Deep Elf Fire Elementalist began the quest for the Orb.
     0 | D:1      | Reached XP level 1. HP: 10/10 MP: 6/6
   398 | D:1      | Reached XP level 2. HP: 15/15 MP: 6/8
   497 | D:1      | Learned a level 2 spell: Throw Flame
   999 | D:2      | Reached XP level 3. HP: 19/19 MP: 9/9
  1077 | D:2      | Reached skill level 4 in Fire Magic
  1105 | D:2      | Found a faded altar of an unknown god.
  1276 | D:3      | Reached XP level 4. HP: 20/24 MP: 1/11
  1467 | D:3      | Found a glowing drain.
  1508 | D:3      | Learned a level 3 spell: Conjure Flame
  1579 | Sewer    | Entered a sewer
  1804 | Sewer    | Reached XP level 5. HP: 28/28 MP: 12/12
  2089 | D:3      | Reached skill level 5 in Fire Magic
  2339 | D:3      | Found a runed door.
  2676 | D:4      | Noticed a sky beast
  2717 | D:4      | Reached XP level 6. HP: 32/32 MP: 10/14
  2735 | D:4      | Learned a level 5 spell: Fireball
  2901 | D:4      | Found a radiant altar of Vehumet.
  2910 | D:4      | Became a worshipper of Vehumet
  3422 | D:4      | Noticed Eustachio
  3438 | D:4      | Slain by Eustachio

Skill      XL: |  1  2  3  4  5 |
---------------+----------------+-----
Conjurations   | 2 3 4 |  4.7
Fire Magic     | 4 5 |  5.5
Spellcasting   | 4 |  4.3
Dodging        | |  2.4
Stealth        | |  2.4

Action                   |  1- 3 |  4- 6 || total
-------------------------+-------+-------++-------
Melee: Unarmed           |     5 |     1 ||     6
 Cast: Flame Tongue      |    60 |    90 ||   150
       Throw Flame       |     6 |    37 ||    43
       Conjure Flame     |       |     1 ||     1
  Use: Scroll            |     5 |     2 ||     7
 Stab: Sleeping          |     1 |       ||     1
  Eat: Chunk             |     1 |     7 ||     8
Armor: Robe              |    11 |       ||    11
Dodge: Dodged            |    30 |    32 ||    62
